TOP OF THE 1ST |
Chicago Cubs batting - Pitching for Pittsburgh Pirates : LHP Sam Richardson
|
Pitching: LHP Sam Richardson
|
|
Batting: RHB Elijah Campbell
|
0-0: Called Strike 0-1: SINGLE (Line Drive, 9S, EV 111.2 MPH)
|
Batting: RHB Josh Kalman
|
0-0: Ball 1-0: Foul Ball, location: 2F 1-1: Ball 2-1: Foul Ball, location: 2F 2-2: Foul Ball, location: 2F 2-2: Fly out, F3 (Popup, 34S, EV 78.8 MPH)
|
Batting: RHB Efrain Vargas
|
0-0: Ball 1-0: Ball 2-0: Called Strike 2-1: Ball 3-1: SINGLE (Line Drive, 8RS, EV 93.1 MPH) Elijah Campbell to second Runner from 2nd tries for 3rd, SAFE, throw by CF made to third
|
Batting: RHB Kaeo Zirpoli
|
0-0: Swinging Strike 0-1: Swinging Strike 0-2: Foul Ball, location: 2F 0-2: Strikes out swinging
|
Batting: RHB Will Leslie
|
0-0: Hit by Pitch Efrain Vargas to second
|
Batting: LHB Kevin Norton
|
0-0: Called Strike 0-1: Foul Ball, location: 2F 0-2: Fly out, F7 (Flyball, 78D, EV 96.9 MPH)
|
Top of the 1st over - 0 runs, 2 hits, 0 errors, 3 left on base; Chicago 0 - Pittsburgh 0 |
BOTTOM OF THE 1ST |
Pittsburgh Pirates batting - Pitching for Chicago Cubs : LHP Unkei Wakamatsu
|
Pitching: LHP Unkei Wakamatsu
|
|
Batting: SHB Marvin McAleer
|
0-0: Ball 1-0: Ground out 2-3 (Groundball, 13S, EV 66.2 MPH)
|
Batting: RHB Mike Bates
|
0-0: Ball 1-0: Called Strike 1-1: Ground out 6-3 (Groundball, 6, EV 76.2 MPH)
|
Batting: RHB Vincent Poopwell
|
0-0: Called Strike 0-1: Swinging Strike 0-2: Ball 1-2: Ball 2-2: Foul Ball, location: 2F 2-2: Ground out 5-3 (Groundball, 5S, EV 85.0 MPH)
|
Bottom of the 1st over - 0 runs, 0 hits, 0 errors, 0 left on base; Chicago 0 - Pittsburgh 0 |
TOP OF THE 2ND |
Chicago Cubs batting - Pitching for Pittsburgh Pirates : LHP Sam Richardson
|
Batting: RHB Steve Bui
|
0-0: Ball 1-0: Ball 2-0: Ball 3-0: Base on Balls
|
Batting: SHB Art Kent
|
0-0: Ball 1-0: Foul Ball, location: 2F 1-1: Foul Ball, location: 2F 1-2: Strikes out swinging
|
Batting: RHB Andy Wasierski
|
0-0: Ball 1-0: Ball 2-0: Swinging Strike 2-1: Called Strike 2-2: Ball 3-2: Strikes out swinging
|
Batting: RHB Elijah Campbell
|
0-0: Swinging Strike 0-1: Ball 1-1: Called Strike 1-2: Fly out, F7 (Flyball, 7, EV 85.6 MPH)
|
Top of the 2nd over - 0 runs, 0 hits, 0 errors, 1 left on base; Chicago 0 - Pittsburgh 0 |
BOTTOM OF THE 2ND |
Pittsburgh Pirates batting - Pitching for Chicago Cubs : LHP Unkei Wakamatsu
|
Batting: RHB Steve Jordan
|
0-0: DOUBLE (Line Drive, 78D, EV 100.6 MPH)
|
Batting: LHB Theodore Conboy
|
0-0: Called Strike 0-1: Ball 1-1: Ball 2-1: Fly out, F3 (Popup, 3D, EV 71.9 MPH)
|
Batting: RHB Tommie Eaton
|
0-0: Swinging Strike 0-1: Foul Ball, location: 2F 0-2: Strikes out swinging
|
Batting: RHB Raul Mendoza
|
0-0: Fly out, F2 (Popup, 25F, EV 78.1 MPH)
|
Bottom of the 2nd over - 0 runs, 1 hit, 0 errors, 1 left on base; Chicago 0 - Pittsburgh 0 |
TOP OF THE 3RD |
Chicago Cubs batting - Pitching for Pittsburgh Pirates : LHP Sam Richardson
|
Batting: RHB Josh Kalman
|
0-0: Ball 1-0: TRIPLE (Flyball, 9LD, EV 105.6 MPH)
|
Batting: RHB Efrain Vargas
|
0-0: Ball 1-0: Ball 2-0: Ball 3-0: Base on Balls
|
Batting: RHB Kaeo Zirpoli
|
0-0: Ball 1-0: Called Strike 1-1: Ball 2-1: Called Strike 2-2: Ball 3-2: Foul Ball, location: 2F 3-2: Foul Ball, location: 2F 3-2: Foul Ball, location: 2F 3-2: Foul Ball, location: 2F 3-2: Fly out, F6 (Line Drive, 6, EV 68.8 MPH)
|
Batting: RHB Will Leslie
|
0-0: Foul Ball, location: 2F 0-1: Foul Ball, location: 2F 0-2: Ball 1-2: SINGLE (Groundball, 4M, EV 98.1 MPH) (infield hit) Josh Kalman scores Efrain Vargas to second
|
Batting: LHB Kevin Norton
|
0-0: Ball 1-0: Called Strike 1-1: SINGLE (Groundball, 56D, EV 100.0 MPH) Efrain Vargas to third Will Leslie to second Runner from 3rd tries for Home, SAFE, throw by LF to home
|
Batting: RHB Steve Bui
|
0-0: Ball 1-0: Foul Ball, location: 2F 1-1: Ball 2-1: SINGLE (Groundball, 6MD, EV 106.9 MPH) Will Leslie to third Kevin Norton to second Runner from 3rd tries for Home, throw by CF and OUT! 8-2
|
Batting: SHB Art Kent
|
0-0: Foul Ball, location: 2F 0-1: Foul Ball, location: 2F 0-2: Ball 1-2: Ball 2-2: Strikes out looking
|
Top of the 3rd over - 2 runs, 4 hits, 0 errors, 2 left on base; Chicago 2 - Pittsburgh 0 |
BOTTOM OF THE 3RD |
Pittsburgh Pirates batting - Pitching for Chicago Cubs : LHP Unkei Wakamatsu
|
Batting: RHB Andrew Robinson
|
0-0: Ball 1-0: Ball 2-0: Ball 3-0: Foul Ball, location: 2F 3-1: Base on Balls
|
Batting: RHB Mike Thornton
|
0-0: Called Strike 0-1: Called Strike 0-2: Ball 1-2: Ball 2-2: Foul Ball, location: 2F 2-2: Fly out, F8 (Flyball, 8RS, EV 86.2 MPH)
|
Batting: SHB Marvin McAleer
|
0-0: Called Strike 0-1: Ball 1-1: Ball Andrew Robinson steals 2nd, throwing error, E2 Andrew Robinson to third 2-1: 2-RUN HOME RUN (Flyball, 7D, EV 100.6 MPH), Distance : 366 ft
|
Batting: RHB Mike Bates
|
0-0: Called Strike 0-1: Ball 1-1: Ball 2-1: Fly out, F4 (Flyball, 34D, EV 76.2 MPH)
|
Batting: RHB Vincent Poopwell
|
0-0: Ball 1-0: Called Strike 1-1: Ground out 3-1 (Groundball, 34, EV 86.9 MPH)
|
Bottom of the 3rd over - 2 runs, 1 hit, 1 error, 0 left on base; Chicago 2 - Pittsburgh 2 |
TOP OF THE 4TH |
Chicago Cubs batting - Pitching for Pittsburgh Pirates : LHP Sam Richardson
|
Batting: RHB Andy Wasierski
|
0-0: Ball 1-0: Foul Ball, location: 2F 1-1: Ball 2-1: Foul Ball, location: 2F 2-2: SINGLE (Groundball, 4MD, EV 94.4 MPH)
|
Batting: RHB Elijah Campbell
|
0-0: Ball 1-0: Ball 2-0: Fielders Choice at 2nd, 6-4 (Groundball, 6, EV 85.6 MPH)
|
Batting: RHB Josh Kalman
|
0-0: Called Strike Elijah Campbell is caught stealing 2nd base 2-4 0-1: Ball 1-1: Ground out 6-3 (Groundball, 6, EV 80.6 MPH)
|
Top of the 4th over - 0 runs, 1 hit, 0 errors, 0 left on base; Chicago 2 - Pittsburgh 2 |
BOTTOM OF THE 4TH |
Pittsburgh Pirates batting - Pitching for Chicago Cubs : LHP Unkei Wakamatsu
|
Batting: RHB Steve Jordan
|
0-0: Hit by Pitch
|
Batting: LHB Theodore Conboy
|
0-0: Ball 1-0: Called Strike 1-1: Called Strike 1-2: SINGLE (Line Drive, 8LS, EV 100.6 MPH) Steve Jordan to second
|
DELAY
|
Rain delay of 47 minutes in the 4th inning.
|
Batting: RHB Tommie Eaton
|
0-0: Foul Ball, location: 2F 0-1: Ball 1-1: Foul Ball, location: 2F 1-2: SINGLE (Groundball, 56D, EV 98.8 MPH) Steve Jordan to third Theodore Conboy to second Runner from 3rd tries for Home, SAFE, throw by LF to home
|
Batting: RHB Raul Mendoza
|
0-0: Ball Theodore Conboy steals 3rd base (no throw) Tommie Eaton to second 1-0: SINGLE (Line Drive, 7S, EV 92.5 MPH) Theodore Conboy scores Tommie Eaton to third
|
Batting: RHB Andrew Robinson
|
0-0: Ball Raul Mendoza steals 2nd base 1-0: Ball 2-0: Ball 3-0: Base on Balls
|
Batting: RHB Mike Thornton
|
0-0: SINGLE (Line Drive, 8LS, EV 96.2 MPH) Tommie Eaton scores Raul Mendoza to third Andrew Robinson to second
|
Pitching: LHP Jay Turpin
|
|
Batting: SHB Marvin McAleer
|
0-0: SINGLE (Groundball, 6MD, EV 101.2 MPH) Raul Mendoza scores Andrew Robinson to third Mike Thornton to second Runner from 3rd tries for Home, throw by CF and OUT! 8-2
|
Batting: RHB Mike Bates
|
0-0: SINGLE (Line Drive, 7LS, EV 109.4 MPH) Mike Thornton to third Marvin McAleer to second Runner from 3rd tries for Home, SAFE, throw by LF to home
|
Batting: RHB Vincent Poopwell
|
0-0: Ball 1-0: SINGLE (Line Drive, 9S, EV 90.0 MPH) Marvin McAleer to third Mike Bates to second Runner from 3rd tries for Home, SAFE, throw by RF to home
|
Batting: RHB Steve Jordan
|
0-0: Grounds into double play, 6-4-3 (Groundball, 6, EV 86.2 MPH)
|
Bottom of the 4th over - 6 runs, 7 hits, 0 errors, 1 left on base; Chicago 2 - Pittsburgh 8 |
TOP OF THE 5TH |
Chicago Cubs batting - Pitching for Pittsburgh Pirates : LHP Sam Richardson
|
Batting: RHB Efrain Vargas
|
0-0: Ball 1-0: Ball 2-0: Ball 3-0: Base on Balls
|
Batting: RHB Kaeo Zirpoli
|
0-0: Called Strike 0-1: Ball 1-1: Foul Ball, location: 2F Pickoff Throw to First - Error! E1 Efrain Vargas to second 1-2: Ball 2-2: Ball 3-2: Foul Ball, location: 2F 3-2: Foul Ball, location: 2F 3-2: Base on Balls
|
Batting: RHB Will Leslie
|
0-0: Called Strike 0-1: Ball 1-1: Foul Ball, location: 2F 1-2: Ball 2-2: Strikes out swinging
|
Batting: LHB Kevin Norton
|
0-0: Hit by Pitch Efrain Vargas to third Kaeo Zirpoli to second
|
Batting: RHB Steve Bui
|
0-0: Ball 1-0: Called Strike 1-1: Ball 2-1: Ball 3-1: Base on Balls Efrain Vargas scores Kaeo Zirpoli to third Kevin Norton to second
|
Batting: SHB Art Kent
|
0-0: Ball 1-0: Called Strike 1-1: Ball 2-1: Fly out, F8 (Line Drive, 8RM, EV 89.4 MPH) Runner from 3rd tags up, SCORES, throw by CF Kevin Norton to third
|
Batting: RHB Andy Wasierski
|
0-0: Called Strike 0-1: Foul Ball, location: 2F 0-2: Foul Ball, location: 2F 0-2: Ball 1-2: Strikes out looking
|
Top of the 5th over - 2 runs, 0 hits, 1 error, 2 left on base; Chicago 4 - Pittsburgh 8 |
BOTTOM OF THE 5TH |
Pittsburgh Pirates batting - Pitching for Chicago Cubs : LHP Jay Turpin
|
Batting: LHB Theodore Conboy
|
0-0: Ball 1-0: Called Strike 1-1: Ball 2-1: Ball 3-1: Base on Balls
|
Batting: RHB Tommie Eaton
|
0-0: Ball 1-0: Called Strike Theodore Conboy steals 2nd base (no throw) 1-1: Foul Ball, location: 2F 1-2: SINGLE (Groundball, P, EV 85.6 MPH) (infield hit) Theodore Conboy to third
|
Batting: RHB Raul Mendoza
|
0-0: Foul Ball, location: 2F 0-1: Ball 1-1: Foul Ball, location: 2F 1-2: Strikes out looking
|
Batting: RHB Andrew Robinson
|
0-0: Called Strike 0-1: Called Strike 0-2: Grounds into double play, 6-4-3 (Groundball, 6, EV 104.4 MPH)
|
Bottom of the 5th over - 0 runs, 1 hit, 0 errors, 1 left on base; Chicago 4 - Pittsburgh 8 |
TOP OF THE 6TH |
Chicago Cubs batting - Pitching for Pittsburgh Pirates : LHP Sam Richardson
|
Pitching: RHP Ryan Sunday
|
|
Batting: RHB Elijah Campbell
|
0-0: Ball 1-0: Ball 2-0: Called Strike 2-1: Swinging Strike 2-2: Strikes out swinging
|
Batting: RHB Josh Kalman
|
0-0: Ball 1-0: Ball 2-0: Ball 3-0: Called Strike 3-1: Ground out 4-3 (Groundball, 4, EV 105.6 MPH)
|
Batting: RHB Efrain Vargas
|
0-0: Ball 1-0: Ball 2-0: Foul Ball, location: 2F 2-1: Called Strike 2-2: Strikes out swinging
|
Top of the 6th over - 0 runs, 0 hits, 0 errors, 0 left on base; Chicago 4 - Pittsburgh 8 |
BOTTOM OF THE 6TH |
Pittsburgh Pirates batting - Pitching for Chicago Cubs : LHP Jay Turpin
|
Batting: RHB Mike Thornton
|
0-0: DOUBLE (Line Drive, 89D, EV 110.6 MPH)
|
Batting: SHB Marvin McAleer
|
0-0: Ball 1-0: Ball 2-0: Ground out 5-3 (Groundball, 56S, EV 86.2 MPH)
|
Batting: RHB Mike Bates
|
0-0: Ball 1-0: Ball 2-0: Called Strike 2-1: Ball 3-1: Base on Balls
|
Batting: RHB Vincent Poopwell
|
0-0: Called Strike 0-1: Ball 1-1: Foul Ball, location: 2F 1-2: Ball 2-2: SINGLE (Line Drive, 34, EV 107.5 MPH) Mike Thornton to third Mike Bates to second
|
Batting: RHB Steve Jordan
|
0-0: Ball 1-0: Ground out 5-3 (Groundball, 56S, EV 68.8 MPH) Mike Thornton scores Mike Bates to third Vincent Poopwell to second
|
Batting: LHB Theodore Conboy
|
0-0: Ground out 6-3 (Groundball, 6M, EV 83.1 MPH)
|
Bottom of the 6th over - 1 run, 2 hits, 0 errors, 2 left on base; Chicago 4 - Pittsburgh 9 |
TOP OF THE 7TH |
Chicago Cubs batting - Pitching for Pittsburgh Pirates : RHP Ryan Sunday
|
Pitching: RHP Curt Campbell
|
|
Batting: RHB Kaeo Zirpoli
|
0-0: Swinging Strike 0-1: Swinging Strike 0-2: Ball 1-2: Foul Ball, location: 2F 1-2: Ball 2-2: Strikes out swinging
|
Batting: RHB Will Leslie
|
0-0: Foul Ball, location: 2F 0-1: Called Strike 0-2: Ball 1-2: Ground out 4-3 (Groundball, 4S, EV 90.0 MPH)
|
Batting: LHB Kevin Norton
|
0-0: Ball 1-0: Ball 2-0: Ball 3-0: Called Strike 3-1: Base on Balls
|
Batting: RHB Steve Bui
|
0-0: Called Strike 0-1: Foul Ball, location: 2F 0-2: Strikes out looking
|
Top of the 7th over - 0 runs, 0 hits, 0 errors, 1 left on base; Chicago 4 - Pittsburgh 9 |
BOTTOM OF THE 7TH |
Pittsburgh Pirates batting - Pitching for Chicago Cubs : LHP Jay Turpin
|
Batting: RHB Tommie Eaton
|
0-0: Ball 1-0: Called Strike 1-1: Ball 2-1: Ball 3-1: Foul Ball, location: 2F 3-2: Strikes out swinging
|
Batting: RHB Raul Mendoza
|
0-0: Swinging Strike 0-1: Foul Ball, location: 2F 0-2: Strikes out looking
|
Batting: RHB Andrew Robinson
|
0-0: Ball 1-0: Ball 2-0: Swinging Strike 2-1: Ball 3-1: Base on Balls
|
Pitching: RHP Yeong-kil Suck
|
|
Batting: RHB Mike Thornton
|
0-0: Called Strike Pickoff Throw to First - Error! E1 Andrew Robinson to second 0-1: Ball 1-1: Swinging Strike 1-2: Strikes out swinging
|
Bottom of the 7th over - 0 runs, 0 hits, 1 error, 1 left on base; Chicago 4 - Pittsburgh 9 |
TOP OF THE 8TH |
Chicago Cubs batting - Pitching for Pittsburgh Pirates : RHP Curt Campbell
|
Batting: SHB Art Kent
|
0-0: Ball 1-0: Ball 2-0: Ball 3-0: Base on Balls
|
Batting: RHB Andy Wasierski
|
0-0: Hit by Pitch Art Kent to second
|
Batting: RHB Elijah Campbell
|
0-0: Ball 1-0: Ball 2-0: Swinging Strike 2-1: Ball 3-1: Base on Balls Art Kent to third Andy Wasierski to second
|
Batting: RHB Josh Kalman
|
0-0: SINGLE (Flyball, 7S, EV 98.1 MPH) Art Kent scores Andy Wasierski to third Elijah Campbell to second
|
Batting: RHB Efrain Vargas
|
0-0: Called Strike 0-1: Swinging Strike 0-2: SINGLE (Groundball, 56S, EV 66.9 MPH) (infield hit) Andy Wasierski scores Elijah Campbell to third Josh Kalman to second
|
Batting: RHB Kaeo Zirpoli
|
0-0: Foul Ball, location: 2F 0-1: Ball 1-1: Ball 2-1: Called Strike 2-2: SINGLE (Line Drive, 78M, EV 111.2 MPH) Elijah Campbell scores Josh Kalman to third Efrain Vargas to second
|
Batting: RHB Will Leslie
|
0-0: Ball 1-0: Ball 2-0: Grounds into fielders choice 6-2 (Groundball, 6, EV 88.1 MPH) Efrain Vargas to third Kaeo Zirpoli to second
|
Pitching: LHP Riichi Yamashita
|
|
Pinch Hitting: RHB Yasuhide Kasahara
|
0-0: Called Strike 0-1: SINGLE (Line Drive, 8LS, EV 111.9 MPH) Efrain Vargas scores Kaeo Zirpoli to third Will Leslie to second
|
Batting: RHB Steve Bui
|
0-0: Grounds into fielders choice 6-2 (Groundball, 6, EV 91.9 MPH) Will Leslie to third Yasuhide Kasahara to second
|
Batting: SHB Art Kent
|
0-0: Ground out 4-3 (Groundball, 4S, EV 86.2 MPH)
|
Top of the 8th over - 4 runs, 4 hits, 0 errors, 3 left on base; Chicago 8 - Pittsburgh 9 |
BOTTOM OF THE 8TH |
Pittsburgh Pirates batting - Pitching for Chicago Cubs : RHP Yeong-kil Suck
|
Now at SS: Yasuhide Kasahara
|
|
Now in LF: Elijah Campbell
|
|
Batting: SHB Marvin McAleer
|
0-0: Ball 1-0: Ball 2-0: Foul Ball, location: 2F 2-1: Ball 3-1: Base on Balls
|
Batting: RHB Mike Bates
|
0-0: Called Strike 0-1: Ball 1-1: Ball 2-1: Called Strike 2-2: Ball 3-2: Foul Ball, location: 2F 3-2: Fly out, F7 (Flyball, 78S, EV 81.2 MPH)
|
Batting: RHB Vincent Poopwell
|
0-0: Ball Marvin McAleer steals 2nd base 1-0: DOUBLE (Line Drive, 7LM, EV 102.5 MPH) Marvin McAleer scores
|
Batting: RHB Steve Jordan
|
0-0: Ball 1-0: Ball 2-0: Called Strike 2-1: Ball 3-1: Fly out, F8 (Flyball, 89M, EV 88.1 MPH) Runner from 2nd tags up, OUT at 3rd! 8-5
|
Bottom of the 8th over - 1 run, 1 hit, 0 errors, 0 left on base; Chicago 8 - Pittsburgh 10 |
TOP OF THE 9TH |
Chicago Cubs batting - Pitching for Pittsburgh Pirates : LHP Riichi Yamashita
|
Pitching: RHP Steve Grier
|
|
Batting: RHB Andy Wasierski
|
0-0: Ball 1-0: Called Strike 1-1: DOUBLE (Flyball, 7LD, EV 105.0 MPH)
|
Batting: RHB Elijah Campbell
|
0-0: Ball 1-0: Foul Ball, location: 2F 1-1: Ball 2-1: SINGLE (Groundball, 5S, EV 71.2 MPH) (infield hit) Andy Wasierski to third
|
Batting: RHB Josh Kalman
|
0-0: Swinging Strike 0-1: Foul Ball, location: 2F 0-2: Ball 1-2: Strikes out looking
|
Batting: RHB Efrain Vargas
|
0-0: Ball 1-0: Grounds into double play, 6-4-3 (Groundball, 6, EV 89.4 MPH)
|
Top of the 9th over - 0 runs, 2 hits, 0 errors, 1 left on base; Chicago 8 - Pittsburgh 10 |
|